 Dungeon Crawl Stone Soup version 0.22.1-2-g9c5b331383 (webtiles) character file.

9361 Ihlosi the Covert (level 11, -18/64 HPs)
             Began as a Kobold Enchanter on Dec 27, 2018.
             Was a Priest of Sif Muna.
             Hit by a javelin thrown by a minotaur (26 damage)
             ... in a labyrinth on Dec 29, 2018.
             The game lasted 00:51:21 (14797 turns).

Ihlosi the Covert (Kobold Enchanter)               Turns: 14797, Time: 00:51:22

Health: -18/64     AC:  6    Str:  5    XL:     11   Next: 73%
Magic:  5/19       EV: 18    Int: 21    God:    Sif Muna [***...]
Gold:   287        SH:  0    Dex: 21    Spells: 15/24 levels left

rFire    . . .     SeeInvis .   a - +2 short sword (drain)
rCold    + . .     Gourm    .   (shield restricted)
rNeg     . . .     Faith    .   k - +1 leather armour {rC+}
rPois    .         Spirit   .   (helmet restricted)
rElec    .         Reflect  .   z - +1 cloak
rCorr    .         Harm     .   (no gloves)
MR       .....                  (no boots)
Stlth    ++++......             (no amulet)
HPRegen  0.20/turn              A - -5 ring of slaying (curse)
MPRegen  0.16/turn              E - +4 ring of dexterity

@: very slightly contaminated, invisible
A: small, horns 1, carnivore, clever 1, low mp 1
a: Divine Energy, Channel Magic, Renounce Religion


You were in a labyrinth.
You worshipped Sif Muna.
Sif Muna was most pleased with you.
You were not hungry.

You visited 3 branches of the dungeon, and saw 11 of its levels.
You also visited: Labyrinth.

You collected 476 gold pieces.
You spent 189 gold pieces at shops.

Inventory:

Hand Weapons
 a - a +2 short sword of draining (weapon)
 b - a +1 dagger
 c - a +0 blowgun
 d - a +0 falchion
 h - the +4 dagger of Tender Mercy {vamp, Str+3 Int+3}
   (You found it on level 1 of the Lair of Beasts)

   It inflicts no extra harm, but heals its wielder when it wounds a living foe.
   It affects your strength (+3).
   It affects your intelligence (+3).
 r - a +0 dagger of venom
 s - a +1 dagger of venom
 t - a +1 rapier
 w - a +0 rapier
Missiles
 i - 21 poisoned needles
Armour
 f - a scarf of spirit shield
 k - a +1 leather armour of cold resistance (worn)
 p - a +0 helmet
 q - a +0 robe
 z - a +1 cloak (worn)
 B - a +0 helmet
 L - the +3 hat of Pondering {ponderous, MR+ MP+10 Int+5}
   (You took it off Gastronok on level 9 of the Dungeon)

   It affects your intelligence (+5).
   It affects your resistance to hostile enchantments.
   It affects your magic capacity (+10).
Magical Staves
 y - an uncursed staff of fire
Jewellery
 A - a cursed -5 ring of slaying (left hand)
 C - a +4 ring of strength
 D - a +5 ring of protection {unknown}
 E - a +4 ring of dexterity (right hand)
Wands
 e - a wand of iceblast (9)
 F - a wand of clouds (3)
 K - a wand of scattershot (3)
Scrolls
 g - a scroll of fog
 j - 4 scrolls of teleportation
 n - 2 scrolls of immolation
 o - a scroll of enchant armour
 x - a scroll of enchant weapon
Potions
 m - 5 potions of curing
 v - 2 potions of might
 M - a potion of flight
Miscellaneous
 G - a lamp of fire
 I - a sack of spiders
Comestibles
 l - 21 rations


   Skills:
 - Level 6.2 Fighting
 - Level 6.0 Short Blades
 - Level 1.0 Armour
 - Level 6.0 Dodging
 - Level 9.0 Stealth
 * Level 7.2 Spellcasting
 * Level 7.4 Conjurations
 - Level 9.0 Hexes
 - Level 6.1 Evocations


You had 15 spell levels left.
You knew the following spells:

 Your Spells              Type           Power        Failure   Level  Hunger
a - Dazzling Spray        Conj/Hex       #####.       1%          3    None
b - Ensorcelled Hibernat  Hex/Ice        ####..       3%          2    None
c - Confuse               Hex            #####...     1%          3    None
d - Corona                Hex            #####..      1%          1    None

Your spell library contained the following spells:

 Spells                   Type           Power        Failure   Level  Hunger
 Tukima's Dance           Hex            #####...     1%          3    None


Dungeon Overview and Level Annotations

Branches:
Dungeon (9/15)             Temple (1/1) D:6            Lair (1/6) D:9
    Orc: D:9-12

Altars:
Ashenzari
Cheibriados
Dithmenos
Elyvilon
Fedhas
Gozag
Hepliaklqana
Kikubaaqudgha
Makhleb
Nemelex Xobeh
Okawaru
Qazlal
Ru
Sif Muna
Trog
Uskayaw
Vehumet
Wu Jian
Xom
Yredelemnul
Zin
The Shining One

Shops:
D:9 *

Annotations:
D:3 1 runed door, Merkmirnix's ghost, amateur MiAK
D:4 Grinder
D:7 Joseph
D:8 exclusion: two-headed ogre


Innate Abilities, Weirdness & Mutations

You are small and have problems with some larger weapons.
You are carnivorous and can eat meat at any time.
You have a pair of small horns on your head.
Your mind is acute. (Int +2)
Your magical capacity is low. (-10% MP)


Message History

Aim: a minotaur, wearing a shiny chain mail and wearing a lumpy ruby amulet The spray of energy hits the minotaur.
The minotaur is moderately wounded.
The minotaur is dazzled.
The minotaur throws a javelin.
The javelin barely misses you.
Casting: Dazzling Spray (safe; 1% risk of failure)
Confirm with . or Enter, or press ? or * to list all spells.
Aiming: Confuse (safe; 1% risk of failure)
Press: ? - help, Shift-Dir - straight line, f/p - minotaur
Aim: a minotaur, wearing a shiny chain mail and wearing a lumpy ruby amulet The minotaur resists with almost no effort.
The minotaur throws a javelin.
The javelin completely misses you.
Casting: Confuse (safe; 1% risk of failure)
Confirm with . or Enter, or press ? or * to list all spells.
Aiming: Confuse (safe; 1% risk of failure)
Press: ? - help, Shift-Dir - straight line, f/p - minotaur
Aim: a minotaur, wearing a shiny chain mail and wearing a lumpy ruby amulet The minotaur resists with almost no effort.
The minotaur throws a javelin.
The javelin hits you!!
You die...

## .. #. #.
#.#########
##
#.........#..
#(@.H.....#
#.###'###...#
#.#.....#. #
..###.###...#
.#.#≈...≈#..
### ..#.
≈<≈≈#.. .# .#
###≈≈≈≈≈#. .#
# #. . ######
#.# . ... ..
.#.# #


You could see a minotaur (blind).

Vanquished Creatures
  Gastronok (D:9)
  2 unseen horrors (Lab)
  Prince Ribbit (D:7)
  2 hippogriffs
  A spriggan (D:8)
  7 yaks
  A wyvern (D:8)
  4 hungry ghosts (Lab)
  Duvessa (D:5)
  A water moccasin (D:9)
  3 porcupines
  2 orc warriors
  2 sky beasts
  An ice beast (D:8)
  3 black bears
  An ogre (D:5)
  2 centaurs
  2 crocodiles
  2 big kobolds
  9 bullfrogs
  Dowan (D:5)
  4 scorpions
  8 killer bees
  4 wights (D:9)
  4 howler monkeys
  3 crimson imps
  4 hounds
  3 orc priests
  A jelly (D:9)
  11 orc wizards
  Crazy Yiuf (D:2)
  2 iguanas
  4 worker ants
  A killer bee zombie (D:5)
  A worker ant zombie (D:8)
  12 adders
  4 shadow imps
  An ooze (D:1)
  2 adder zombies
  2 adder skeletons
  4 worms
  3 dart slugs
  4 leopard geckos
  30 orcs
  3 ball pythons
  8 bats
  4 giant cockroaches
  7 hobgoblins
  25 jackals
  29 kobolds
  2 quokkas
  A ball python skeleton (D:5)
  2 frilled lizards
  5 goblins
  2 leopard gecko skeletons (D:6)
  7 rats
  A fungus (D:9)
258 creatures vanquished.

Vanquished Creatures (collateral kills)
  An adder (D:9)
1 creature vanquished.

Vanquished Creatures (others)
  A quokka (D:9)
  3 fungi (D:9)
  A plant (D:9)
5 creatures vanquished.

Grand Total: 264 creatures vanquished

Notes
Turn   | Place    | Note
-------+----------+-------------------------------------------
     0 | D:1      | Ihlosi the Kobold Enchanter began the quest for the Orb.
     0 | D:1      | Reached XP level 1. HP: 10/10 MP: 3/3
   164 | D:1      | Reached XP level 2. HP: 13/15 MP: 3/5
   416 | D:1      | Reached XP level 3. HP: 19/20 MP: 6/6
  1310 | D:2      | Learned a level 2 spell: Ensorcelled Hibernation
  1314 | D:2      | Learned a level 3 spell: Confuse
  1525 | D:2      | Found a runed door.
  1653 | D:2      | Reached XP level 4. HP: 24/24 MP: 7/7
  1745 | D:2      | Reached skill level 1 in Fighting
  1766 | D:2      | Reached skill level 5 in Stealth
  2006 | D:2      | Reached XP level 5. HP: 19/29 MP: 3/8
  2013 | D:2      | Gained mutation: You are frail. (-10% HP) [potion of
                  | mutation]
  2013 | D:2      | Gained mutation: Your body sometimes deteriorates upon
                  | taking damage. [potion of mutation]
  2013 | D:2      | Gained mutation: You have a pair of small horns on your
                  | head. [potion of mutation]
  2393 | D:2      | Noticed Crazy Yiuf
  2397 | D:2      | Killed Crazy Yiuf
  2397 | D:2      | Reached skill level 1 in Armour
  2614 | D:3      | Lost mutation: Your body sometimes deteriorates upon taking
                  | damage. [potion of mutation]
  2614 | D:3      | Lost mutation: You are frail. (-10% HP) [potion of
                  | mutation]
  2614 | D:3      | Gained mutation: Your magical capacity is low. (-10% MP)
                  | [potion of mutation]
  2614 | D:3      | Gained mutation: Your mind is acute. (Int +2) [potion of
                  | mutation]
  3269 | D:3      | Learned a level 3 spell: Dazzling Spray
  3649 | D:3      | Found a runed door.
  3655 | D:3      | Noticed Merkmirnix's ghost (amateur MiAK)
  3683 | D:3      | Reached XP level 6. HP: 32/34 MP: 6/9
  4093 | D:3      | Found a shimmering altar of Xom.
  4096 | D:3      | Found a radiant altar of Vehumet.
  4099 | D:3      | Found a snail-covered altar of Cheibriados.
  4628 | D:4      | Reached XP level 7. HP: 40/40 MP: 10/10
  4828 | D:4      | Reached skill level 1 in Conjurations
  5055 | D:4      | Noticed Grinder
  5443 | D:4      | Found a hazy altar of Hepliaklqana.
  5507 | D:5      | Entered Level 5 of the Dungeon
  5587 | D:5      | Reached skill level 5 in Hexes
  6480 | D:5      | Reached XP level 8. HP: 39/46 MP: 6/11
  6770 | D:5      | Noticed Duvessa
  6770 | D:5      | Noticed Dowan
  6790 | D:5      | Killed Duvessa
  6830 | D:5      | Killed Dowan
  7497 | D:5      | Found a sacrificial altar of Ru.
  7849 | D:6      | Reached skill level 5 in Spellcasting
  8026 | D:6      | Found a white marble altar of Elyvilon.
  8253 | D:6      | Found a staircase to the Ecumenical Temple.
  8261 | D:6      | Found a bloodstained altar of Trog.
  8270 | D:6      | Reached XP level 9. HP: 45/50 MP: 10/15
  8794 | Temple   | Entered the Ecumenical Temple
  8949 | Temple   | Became a worshipper of Sif Muna the Loreminder
  9111 | D:7      | Noticed Prince Ribbit
  9142 | D:7      | Killed Prince Ribbit
  9981 | D:7      | Noticed Joseph
  9995 | D:7      | HP: 1/51 [Joseph/uncursed quarterstaff (8)]
 11166 | D:8      | Reached * piety under Sif Muna
 11178 | D:8      | Noticed a hippogriff
 11200 | D:8      | Killed a hippogriff
 11200 | D:8      | Reached XP level 10. HP: 45/56 MP: 12/17
 11205 | D:8      | Reached skill level 5 in Short Blades
 11213 | D:8      | Reached skill level 5 in Dodging
 11550 | D:8      | Found an opulent altar of Gozag.
 11782 | D:8      | Reached skill level 5 in Conjurations
 11908 | D:8      | Noticed a two-headed ogre
 12409 | D:9      | Found Oxowkeg's Assorted Antiques.
 12415 | D:9      | Bought a blackened sapphire ring for 120 gold pieces
 12465 | D:9      | Reached skill level 1 in Evocations
 12768 | D:9      | Reached ** piety under Sif Muna
 12931 | D:9      | Reached skill level 5 in Fighting
 13278 | D:9      | Reached XP level 11. HP: 63/63 MP: 9/18
 13606 | D:9      | Noticed Gastronok
 13612 | D:9      | Killed Gastronok
 13612 | D:9      | Reached skill level 5 in Evocations
 13716 | D:9      | Found a staircase to the Lair.
 13769 | D:9      | Bought a scroll of identify for 48 gold pieces
 13769 | D:9      | Bought a smoky white potion for 21 gold pieces
 13814 | Lair:1   | Entered Level 1 of the Lair of Beasts
 13819 | Lair:1   | Got a smoking dagger
 13827 | Lair:1   | Identified the +4 dagger of Tender Mercy {vamp, Str+3
                  | Int+3} (You found it on level 1 of the Lair of Beasts)
 13839 | Lair:1   | Found a labyrinth entrance.
 13848 | Lab      | Entered a labyrinth
 14089 | Lab      | Noticed an unseen horror
 14091 | Lab      | Killed an unseen horror
 14096 | Lab      | Noticed an unseen horror
 14103 | Lab      | HP: 3/64 [unseen horror (2)]
 14124 | Lab      | Killed an unseen horror
 14480 | Lab      | Reached *** piety under Sif Muna
 14778 | Lab      | Noticed a minotaur
 14797 | Lab      | Hit by a javelin thrown by a minotaur

Skill      XL: |  1  2  3  4  5  6  7  8  9 10 11 |
---------------+----------------------------------+-----
Short Blades   | 2 3 4 6 |  6.0
Fighting       | 1 2 3 5 6 |  6.2
Stealth        | 5 6 7 9 |  9.0
Armour         | 1 |  1.0
Dodging        | 3 4 6 |  6.0
Spellcasting   | 3 5 6 7 |  7.2
Hexes          | 4 6 7 8 9 |  9.0
Conjurations   | 2 3 4 5 7 |  7.4
Evocations     | 3 6 |  6.1

Action                   |  1- 3 |  4- 6 |  7- 9 | 10-12 || total
-------------------------+-------+-------+-------+-------++-------
Melee: Dagger            |   119 |   209 |    34 |       ||   362
       Headbutt          |       |    25 |    37 |    14 ||    76
       Rapier            |       |       |    70 |       ||    70
       Short sword       |       |       |   263 |   120 ||   383
 Cast: Corona            |     5 |     4 |       |    11 ||    20
       Ensorcelled Hiber |       |    40 |    99 |    62 ||   201
       Confuse           |       |       |     7 |    14 ||    21
       Dazzling Spray    |       |       |     4 |    11 ||    15
Evoke: Wand              |       |       |       |     6 ||     6
  Use: Scroll            |       |     6 |     9 |     9 ||    24
       Potion            |       |     3 |     5 |     1 ||     9
 Stab: Sleeping          |    12 |    25 |    53 |    38 ||   128
       Confused          |       |       |     4 |     9 ||    13
       Invisible         |       |       |       |     3 ||     3
  Eat: Chunk             |    10 |    12 |    23 |     9 ||    54
Armor: Robe              |    10 |    30 |    27 |       ||    67
       Skin              |       |       |    29 |       ||    29
       Leather armour    |       |       |    48 |    31 ||    79
Dodge: Dodged            |    89 |   163 |   297 |    96 ||   645
